 Dungeon Crawl Stone Soup version 0.24.0-1-gfbc8707 (webtiles) character file.

Game seed: 15461988295547820402, levelgen mode: deterministic

17523 Werew the Fighter (level 12, -4/90 HPs)
             Began as a Gnoll Wanderer on Oct 26, 2019.
             Was a High Priest of Hepliaklqana.
             Slain by a blink frog (7 damage)
             ... on level 1 of the Lair of Beasts on Oct 27, 2019.
             The game lasted 02:10:54 (12076 turns).

Werew the Fighter (Gnoll Wanderer)                 Turns: 12076, Time: 02:10:54

Health: -4/90      AC: 24    Str: 18    XL:     12   Next: 48%
Magic:  22/22      EV: 10    Int: 16    God:    Hepliaklqana [*****.]
Gold:   940        SH:  0    Dex: 19    Spells: 25/25 levels left

rFire    . . .     SeeInvis +   M - +2 trident (protect)
rCold    . . .     Gourm    .   (no shield)
rNeg     . . .     Faith    .   S - +0 plate armour
rPois    .         Spirit   .   F - +0 helmet
rElec    .         Reflect  .   v - +0 cloak {+Inv}
rCorr    .         Harm     .   k - +0 pair of gloves {archery}
MR       .....                  (no boots)
Stlth    ..........             G - amulet of regeneration
HPRegen  0.65/turn              Y - +4 ring of dexterity
MPRegen  0.18/turn              V - ring of see invisible

@: protection aura, very slightly contaminated, invisible
A: distributed training, reduced essence, fangs 1, strong nose
a: Recall Ancestor, Ancestor Identity, Transference, Idealise, Renounce Religion


You were on level 1 of the Lair of Beasts.
You worshipped Hepliaklqana.
Hepliaklqana was extremely pleased with you.
You were not hungry.

You visited 4 branches of the dungeon, and saw 15 of its levels.
You also visited: Ossuary.

You collected 1134 gold pieces.
You spent 194 gold pieces at shops.

Inventory:

Hand Weapons
 c - a +1 short sword of freezing
 d - a +2 short sword of venom
 e - a +0 hunting sling
 g - a +1 trident of venom
 i - a +4 quarterstaff of chaos
 C - a +4 spear of freezing
 M - a +2 trident of protection (weapon)
 W - a +0 shortbow
Missiles
 h - 468 stones
 m - 147 arrows
 u - 104 bolts
 D - 73 sling bullets
 N - 5 throwing nets
 R - 3 poisoned darts (quivered)
Armour
 k - a +0 pair of gloves of archery (worn)
 v - a +0 cloak of invisibility (worn)
 F - a +0 helmet (worn)
 I - a +0 troll leather armour
 S - a +0 plate armour (worn)
Jewellery
 E - an uncursed ring of flight
 G - an amulet of regeneration (around neck)
 V - a ring of see invisible (right hand)
 Y - a +4 ring of dexterity (left hand)
Wands
 l - a wand of clouds (4)
 t - a wand of random effects (17)
 y - a wand of acid (6)
 Q - a wand of flame (21)
 U - a wand of paralysis (5)
Scrolls
 b - 9 scrolls of teleportation
 j - 4 scrolls of enchant armour {unknown}
 n - 9 scrolls of remove curse
 p - a scroll of acquirement {unknown}
 q - 4 scrolls of enchant weapon {unknown}
 r - 3 scrolls of blinking {unknown}
 H - a scroll of immolation
 K - a scroll of fog {unknown}
 L - 4 scrolls of fear
 O - 2 scrolls of noise {unknown}
 T - a scroll of magic mapping {unknown}
 Z - 2 scrolls of silence {unknown}
Potions
 o - 4 potions of ambrosia
 s - 2 potions of haste
 w - 5 potions of brilliance
 x - a potion of invisibility
 z - a potion of might
 A - a potion of agility {unknown}
 B - 3 potions of mutation
 J - 5 potions of curing
 P - a potion of lignification
 X - 3 potions of heal wounds {unknown}
Comestibles
 a - 2 chunks of flesh
 f - 15 rations


   Skills:
 + Level 11.0 Fighting
 + Level 7.2 Short Blades
 + Level 7.2 Long Blades
 + Level 7.2 Axes
 + Level 7.2 Maces & Flails
 + Level 7.2 Polearms
 + Level 7.7 Staves
 + Level 7.2 Slings
 + Level 7.7 Bows
 + Level 7.2 Crossbows
 + Level 7.7 Throwing
 + Level 7.2 Armour
 + Level 7.2 Dodging
 + Level 9.4 Stealth
 + Level 7.2 Shields
 + Level 7.2 Unarmed Combat
 + Level 7.2 Spellcasting
 + Level 6.0 Conjurations
 + Level 6.0 Hexes
 + Level 6.0 Charms
 + Level 6.0 Summonings
 + Level 6.0 Necromancy
 + Level 6.0 Translocations
 + Level 6.0 Transmutations
 + Level 6.0 Fire Magic
 + Level 6.0 Ice Magic
 + Level 6.0 Air Magic
 + Level 6.0 Earth Magic
 + Level 6.0 Poison Magic
 + Level 7.9 Invocations
 + Level 7.2 Evocations


You had 25 spell levels left.
You didn't know any spells.
Your spell library contained the following spells:

 Spells                   Type           Power        Failure   Level  Hunger
 Confusing Touch          Hex            ####..       30%         1    None
 Corona                   Hex            ####...      30%         1    None
 Slow                     Hex            ####....     41%         2    None
 Confuse                  Hex            ####....     65%         3    ##.....
 Gell's Gravitas          Tloc           ####......   65%         3    ##.....
 Inner Flame              Hex/Fire       ####....     65%         3    ##.....
 Portal Projectile        Hex/Tloc       ####..       65%         3    ##.....
 Cause Fear               Hex            ####......   96%         4    ####...
 Leda's Liquefaction      Hex/Erth       ####......   96%         4    ####...
 Petrify                  Tmut/Erth      ####....     96%         4    ####...
 Metabolic Englaciation   Hex/Ice        ####......   100%        5    #####..
 Yara's Violent Unravell  Hex/Tmut       ####......   100%        5    #####..


Dungeon Overview and Level Annotations

Branches:
Dungeon (12/15)            Temple (1/1) D:6            Lair (1/6) D:10
    Orc (1/2) D:11        Ossuary (visited)

Altars:
Ashenzari
Cheibriados
Dithmenos
Elyvilon
Fedhas
Gozag
Hepliaklqana
Kikubaaqudgha
Makhleb
Nemelex Xobeh
Okawaru
Qazlal
Ru
Sif Muna
Trog
Uskayaw
Vehumet
Wu Jian
Xom
Yredelemnul
Zin
The Shining One

Shops:
D:5 **:?:

Annotations:
D:5 1 runed translucent door, Rikonman's ghost, novice DsAr
D:12 Gastronok


Innate Abilities, Weirdness & Mutations

Your experience applies equally to all skills.
You have very sharp teeth.
Your uncanny sense of smell can sniff out nearby items.
Your life essence is reduced to manifest your ancestor. (-10% HP)


Message History

The blink frog barely misses you.
You fade into invisibility!
The blink frog hits you!
* * * LOW HITPOINT WARNING * * *
The blink frog hits you but does no damage.
The four-headed hydra closely misses you.
The four-headed hydra bites you.
* * * LOW HITPOINT WARNING * * *
The four-headed hydra closely misses you.
The four-headed hydra bites you!
* * * LOW HITPOINT WARNING * * *
Zarja hits the four-headed hydra with a +0 flail.
The blink frog hits you but does no damage. x2
You are very lightly contaminated with residual magic.
The blink frog hits you.
* * * LOW HITPOINT WARNING * * *
The blink frog blinks!
The blink frog hits you but does no damage.
The blink frog hits you!
You die...

...≈... ..#
≈≈≈≈≈.. ..#
PP≈≈≈≈P ♣..#
≈≈≈≈P≈P ♣...#
≈≈≈≈≈≈≈
..F.##
≈≈≈≈≈P≈
.....#
≈≈≈≈≈SF♣§F..#
♣@R...#
#..FD...#
#........#
#.......+..
........# #
##.......#
........#
##...[...#


You could see the friendly Zarja the knight, a four-headed hydra, 4 blink frogs
and a water moccasin.

Vanquished Creatures
  Harold (D:9)
  2 two-headed ogres
  A cyclops (D:12)
  A manticore (D:12)
  An ugly thing (D:11)
  A gargoyle (D:12)
  A spiny frog (shapeshifter) (D:10)
  2 trolls (D:11)
  3 blink frogs (D:10)
  Prince Ribbit (D:5)
  2 wraiths
  A wyvern (D:8)
  5 yaks
  2 hungry ghosts
  A hog (D:8)
  2 wargs (Orc:1)
  7 orc warriors
  2 ice beasts
  3 phantoms
  A necrophage (D:10)
  A centaur (D:10)
  An eye of draining (D:10)
  7 ogres
  A big kobold (D:9)
  Blork the orc (D:5)
  4 bullfrogs
  6 scorpions
  6 killer bees
  3 wights
  4 howler monkeys
  4 crimson imps
  3 centaur zombies
  2 jellies
  Crazy Yiuf (D:2)
  2 hounds
  2 centaur skeletons (D:9)
  2 orc priests
  3 bullfrog skeletons
  2 iguanas
  6 worker ants
  Terence (D:2)
  9 orc wizards
  Natasha (thrice) (D:2)
  3 big kobold zombies (Ossuary)
  A hound zombie (D:6)
  2 mummies (Ossuary)
  A worker ant zombie (D:9)
  8 adders
  10 gnolls
  A shadow imp (D:10)
  2 oozes
  5 worms
  4 dart slugs
  4 leopard geckos
  24 orcs
  4 ball pythons
  5 giant cockroaches
  A gnoll zombie (Ossuary)
  8 goblins
  3 hobgoblins
  18 jackals
  18 kobolds
  4 quokkas
  6 bats
  7 frilled lizards
  3 goblin zombies (Ossuary)
  A hobgoblin zombie (Ossuary)
  A leopard gecko skeleton (D:4)
  An orc zombie (Ossuary)
  A quokka skeleton (D:5)
  9 rats
269 creatures vanquished.

Vanquished Creatures (collateral kills)
  Josephine (D:10)
  An unseen horror (D:10)
  A gargoyle (D:11)
  3 trolls
  A blink frog (D:10)
  2 hippogriffs (D:8)
  A wraith (D:11)
  A vampire (D:12)
  2 yaks (D:9)
  2 hogs (D:8)
  A human (D:8)
  2 vampire mosquitoes (D:12)
  2 wargs (Orc:1)
  An ice beast (D:8)
  A black bear (D:8)
  A phantom (D:6)
  A sky beast (D:10)
  2 centaurs (D:7)
  2 big kobolds
  A wyvern zombie (D:11)
  2 bullfrogs
  A scorpion (D:7)
  A wight (D:10)
  4 killer bees (D:8)
  A crimson imp (D:11)
  2 quasits
  2 hounds (D:5)
  4 orc wizards
  A jelly (D:11)
  2 iguanas
  A bullfrog skeleton (D:5)
  3 worker ants
  A big kobold zombie (Ossuary)
  A mummy (D:7)
  A worker ant zombie (D:7)
  3 gnolls
  3 adders
  A shadow imp (D:9)
  A worm (D:3)
  An adder skeleton (D:10)
  2 leopard geckos
  10 orcs
  A jackal (D:4)
  3 quokkas
  A frilled lizard (D:5)
  2 goblin zombies (Ossuary)
  A hobgoblin zombie (Ossuary)
  4 kobolds
89 creatures vanquished.

Vanquished Creatures (others)
  8 knights
  An ancestor (D:6)
9 creatures vanquished.

Grand Total: 367 creatures vanquished

Notes
Turn   | Place    | Note
-------+----------+-------------------------------------------
     0 | D:1      | Werew the Gnoll Wanderer began the quest for the Orb.
     0 | D:1      | Werew set off with the following items: a +2 quarterstaff,
                  | 2 potions of lignification, a +0 robe, a +0 dagger, a
                  | ration
     0 | D:1      | Reached XP level 1. HP: 26/26 MP: 1/1
    28 | D:1      | Reached XP level 2. HP: 27/33 MP: 2/2
   224 | D:1      | Reached XP level 3. HP: 38/38 MP: 3/3
   438 | D:2      | Reached skill level 1 in Invocations
   689 | D:2      | Reached skill level 1 in Short Blades
   689 | D:2      | Reached skill level 1 in Long Blades
   689 | D:2      | Reached skill level 1 in Axes
   689 | D:2      | Reached skill level 1 in Maces & Flails
   689 | D:2      | Reached skill level 1 in Polearms
   689 | D:2      | Reached skill level 1 in Slings
   689 | D:2      | Reached skill level 1 in Crossbows
   689 | D:2      | Reached skill level 1 in Armour
   689 | D:2      | Reached skill level 1 in Dodging
   689 | D:2      | Reached skill level 1 in Shields
   689 | D:2      | Reached skill level 1 in Unarmed Combat
   689 | D:2      | Reached skill level 1 in Spellcasting
   689 | D:2      | Reached skill level 1 in Evocations
   694 | D:2      | Reached XP level 4. HP: 35/45 MP: 5/5
   695 | D:2      | Noticed Terence
   767 | D:1      | HP: 2/45 [poisoned by Terence]
  1104 | D:2      | Killed Terence
  1307 | D:2      | Found a runed translucent door.
  1309 | D:2      | Noticed Crazy Yiuf
  1318 | D:2      | Killed Crazy Yiuf
  1318 | D:2      | Reached skill level 1 in Conjurations
  1318 | D:2      | Reached skill level 1 in Hexes
  1318 | D:2      | Reached skill level 1 in Charms
  1318 | D:2      | Reached skill level 1 in Summonings
  1318 | D:2      | Reached skill level 1 in Necromancy
  1318 | D:2      | Reached skill level 1 in Translocations
  1318 | D:2      | Reached skill level 1 in Transmutations
  1318 | D:2      | Reached skill level 1 in Fire Magic
  1318 | D:2      | Reached skill level 1 in Ice Magic
  1318 | D:2      | Reached skill level 1 in Air Magic
  1318 | D:2      | Reached skill level 1 in Earth Magic
  1318 | D:2      | Reached skill level 1 in Poison Magic
  1318 | D:2      | Reached XP level 5. HP: 38/51 MP: 6/6
  1520 | D:2      | Noticed Natasha
  1526 | D:2      | Killed Natasha
  1649 | D:2      | Found a radiant altar of Vehumet.
  1651 | D:2      | Found a burning altar of Makhleb.
  1651 | D:2      | Found a radiant altar of Vehumet.
  1653 | D:2      | Found a shimmering altar of Xom.
  1653 | D:2      | Found an iron altar of Okawaru.
  1653 | D:2      | Found a shimmering altar of Xom.
  1794 | D:2      | Noticed Natasha
  1800 | D:2      | Killed Natasha
  2201 | D:2      | Noticed Natasha
  2206 | D:2      | Found a shimmering altar of Xom.
  2226 | D:2      | Killed Natasha
  2387 | D:2      | Reached XP level 6. HP: 19/57 MP: 8/8
  2784 | D:3      | Found a white marble altar of Elyvilon.
  2786 | D:3      | Found a burning altar of Makhleb.
  2802 | D:3      | Found an iron altar of Okawaru.
  2804 | D:3      | Found a hazy altar of Hepliaklqana.
  2804 | D:3      | Found an ancient bone altar of Kikubaaqudgha.
  2805 | D:3      | Found a sacrificial altar of Ru.
  2810 | D:3      | Found a shattered altar of Ashenzari.
  2835 | D:3      | Became a worshipper of Hepliaklqana the Forgotten
  3301 | D:4      | Reached XP level 7. HP: 56/56 MP: 10/10
  3421 | D:4      | Found a stormy altar of Qazlal.
  3575 | D:4      | Reached * piety under Hepliaklqana
  3752 | D:5      | Entered Level 5 of the Dungeon
  3780 | D:5      | Reached skill level 9 in Fighting
  3944 | D:5      | Reached XP level 8. HP: 51/63 MP: 12/12
  3984 | D:5      | Found Faratierr's Magic Scroll Shop.
  3986 | D:5      | Found Muuharyo's Book Shop.
  3988 | D:5      | Found Qoamoaj's Book Shop.
  3989 | D:5      | Found Boja's Assorted Antiques.
  4014 | D:5      | Bought a scroll of identify for 26 gold pieces
  4014 | D:5      | Bought a scroll of teleportation for 39 gold pieces
  4014 | D:5      | Bought a scroll of remove curse for 39 gold pieces
  4014 | D:5      | Bought a scroll of amnesia for 45 gold pieces
  4014 | D:5      | Bought a scroll of fear for 45 gold pieces
  4053 | D:5      | Noticed Prince Ribbit
  4079 | D:5      | Killed Prince Ribbit
  4133 | D:5      | Found a runed translucent door.
  4134 | D:5      | Noticed Blork the orc
  4137 | D:5      | Noticed Rikonman's ghost (novice DsAr)
  4149 | D:5      | Killed Blork the orc
  4368 | D:5      | Found a bloodstained altar of Trog.
  4409 | D:5      | Found Qozxobi's General Store.
  4832 | D:6      | Reached XP level 9. HP: 68/68 MP: 14/14
  5028 | D:6      | Found a staircase to the Ecumenical Temple.
  5043 | Temple   | Entered the Ecumenical Temple
  5710 | D:6      | Reached ** piety under Hepliaklqana
  5711 | D:6      | Remembered your ancestor Zarja as a knight
  6291 | D:7      | Reached skill level 5 in Staves
  6291 | D:7      | Reached skill level 5 in Bows
  6291 | D:7      | Reached skill level 5 in Throwing
  6318 | D:7      | Found a sand-covered staircase.
  6330 | Ossuary  | Entered an ossuary
  6497 | D:7      | Found an opulent altar of Gozag.
  6867 | D:7      | Reached skill level 5 in Invocations
  7161 | D:8      | Reached XP level 10. HP: 75/75 MP: 17/17
  7424 | D:8      | Reached skill level 5 in Short Blades
  7424 | D:8      | Reached skill level 5 in Long Blades
  7424 | D:8      | Reached skill level 5 in Axes
  7424 | D:8      | Reached skill level 5 in Maces & Flails
  7424 | D:8      | Reached skill level 5 in Polearms
  7424 | D:8      | Reached skill level 5 in Slings
  7424 | D:8      | Reached skill level 5 in Crossbows
  7424 | D:8      | Reached skill level 5 in Armour
  7424 | D:8      | Reached skill level 5 in Dodging
  7424 | D:8      | Reached skill level 5 in Shields
  7424 | D:8      | Reached skill level 5 in Unarmed Combat
  7424 | D:8      | Reached skill level 5 in Spellcasting
  7424 | D:8      | Reached skill level 5 in Evocations
  7445 | D:8      | Reached skill level 10 in Fighting
  7493 | D:8      | Reached *** piety under Hepliaklqana
  8135 | D:9      | Noticed Harold
  8138 | D:9      | Noticed a two-headed ogre
  8168 | D:9      | Killed Harold
  8210 | D:9      | Killed a two-headed ogre
  8210 | D:9      | Reached XP level 11. HP: 26/81 MP: 19/19
  8498 | D:9      | Found a glowing golden altar of the Shining One.
  8728 | D:9      | Reached skill level 5 in Conjurations
  8728 | D:9      | Reached skill level 5 in Hexes
  8728 | D:9      | Reached skill level 5 in Charms
  8728 | D:9      | Reached skill level 5 in Summonings
  8728 | D:9      | Reached skill level 5 in Necromancy
  8728 | D:9      | Reached skill level 5 in Translocations
  8728 | D:9      | Reached skill level 5 in Transmutations
  8728 | D:9      | Reached skill level 5 in Fire Magic
  8728 | D:9      | Reached skill level 5 in Ice Magic
  8728 | D:9      | Reached skill level 5 in Air Magic
  8728 | D:9      | Reached skill level 5 in Earth Magic
  8728 | D:9      | Reached skill level 5 in Poison Magic
  9119 | D:10     | Entered Level 10 of the Dungeon
  9151 | D:10     | Found a staircase to the Lair.
  9256 | D:10     | Reached **** piety under Hepliaklqana
  9839 | D:10     | Killed an unseen horror
  9931 | D:11     | Noticed Josephine
  9948 | D:10     | Killed Josephine
 10253 | D:11     | Noticed a green ugly thing
 10302 | D:11     | Killed a green ugly thing
 10552 | D:11     | Reached ***** piety under Hepliaklqana
 10559 | D:11     | Found a staircase to the Orcish Mines.
 10616 | D:11     | Reached XP level 12. HP: 39/89 MP: 22/22
 11180 | Orc:1    | Entered Level 1 of the Orcish Mines
 11355 | Orc:1    | Noticed an orc warlord
 11465 | D:12     | Noticed a two-headed ogre
 11504 | D:12     | Killed a two-headed ogre
 11648 | D:12     | Reached skill level 11 in Fighting
 11922 | D:12     | Noticed Gastronok
 12002 | Lair:1   | Entered Level 1 of the Lair of Beasts
 12002 | Lair:1   | Noticed a four-headed hydra
 12076 | Lair:1   | HP: 3/90 [blink frog (4)]
 12076 | Lair:1   | Slain by a blink frog

Levels and vault maps discovered:
D:1:      saegor_arrival_simple_c, layout_rooms
D:2:      layout_loops_ring, first_ration, doesnt_xom_only_xom,
          uniq_crazy_yiuf_cottage, uniq_terence, uniq_natasha
D:3:      layout_basic, grunt_temple_overflow_open, minmay_ruptured
D:4:      layout_basic, lemuel_coloured_pillars_altar, hex_large
D:5:      layout_cave_pools, nicolae_overflow_hidden_temple,
          ebering_ghost_inner_flame, serial_shops, kennysheep_mini,
          st_stairs_14, minmay_shop_grid_forest, minmay_misc_feat_pillars,
          uniq_blork_the_orc, uniq_prince_ribbit1
D:6:      layout_layer_cave, minmay_temple_entry_fiery
D:7:      kennysheep_windowed_halls, layout_gridville,
          nicolae_gozag_cash_rules_everything_around_me,
          gup_ossuary_entry_pyramid
D:8:      layout_basic, grunt_livestock
D:9:      layout_roguey, marbit_many_paths, hangedman_decor_opposing,
          uniq_harold
D:10:     layout_irregular_city, lair_entry_dummy
D:11:     minmay_recursive_quarters, layout_layer_cave, orc_0_dummy,
          hangedman_abyss_or_decor_lesser_grid, uniq_josephine
D:12:     layout_basic, uniq_gastronok
Temple:   grunt_temple_mini_profane
Lair:1:   layout_roguey, serial_bayou_ford_a, chequers_serial_rivers_marsh,
          uniq_urug
Orc:1:    layout_diamond_mine, mines3_lemuel

Skill      XL: |  1  2  3  4  5  6  7  8  9 10 11 12 |
---------------+-------------------------------------+-----
Stealth        | 6 7 8 9 |  9.4
Invocations    | 1 2 3 4 5 6 7 |  7.9
Short Blades   | 1 2 3 4 5 6 7 |  7.2
Long Blades    | 1 2 3 4 5 6 7 |  7.2
Axes           | 1 2 3 4 5 6 7 |  7.2
Maces & Flails | 1 2 3 4 5 6 7 |  7.2
Polearms       | 1 2 3 4 5 6 7 |  7.2
Slings         | 1 2 3 4 5 6 7 |  7.2
Crossbows      | 1 2 3 4 5 6 7 |  7.2
Armour         | 1 2 3 4 5 6 7 |  7.2
Dodging        | 1 2 3 4 5 6 7 |  7.2
Shields        | 1 2 3 4 5 6 7 |  7.2
Unarmed Combat | 1 2 3 4 5 6 7 |  7.2
Spellcasting   | 1 2 3 4 5 6 7 |  7.2
Evocations     | 1 2 3 4 5 6 7 |  7.2
Conjurations   | 1 2 3 4 5 6 |  6.0
Hexes          | 1 2 3 4 5 6 |  6.0
Charms         | 1 2 3 4 5 6 |  6.0
Summonings     | 1 2 3 4 5 6 |  6.0
Necromancy     | 1 2 3 4 5 6 |  6.0
Translocations | 1 2 3 4 5 6 |  6.0
Transmutations | 1 2 3 4 5 6 |  6.0
Fire Magic     | 1 2 3 4 5 6 |  6.0
Ice Magic      | 1 2 3 4 5 6 |  6.0
Air Magic      | 1 2 3 4 5 6 |  6.0
Earth Magic    | 1 2 3 4 5 6 |  6.0
Poison Magic   | 1 2 3 4 5 6 |  6.0
Staves         | 3 4 5 6 7 |  7.7
Bows           | 3 4 5 6 7 |  7.7
Throwing       | 3 4 5 6 7 |  7.7
Fighting       | 9 10 11 | 11.0

Action                   |  1- 3 |  4- 6 |  7- 9 | 10-12 || total
-------------------------+-------+-------+-------+-------++-------
Melee: Quarterstaff      |    67 |    14 |     3 |       ||    84
       Bite              |     6 |     6 |    31 |   102 ||   145
       Trident           |       |   120 |   193 |   662 ||   975
       Spear             |       |       |   186 |     6 ||   192
       Punch             |       |       |     2 |    14 ||    16
 Fire: Shortbow          |       |       |       |     6 ||     6
Throw: Stone             |       |       |       |     2 ||     2
Invok: Ancestor Life: Kn |       |       |     1 |       ||     1
       Recall Ancestor   |       |       |       |     1 ||     1
  Use: Potion            |       |     2 |       |     1 ||     3
       Scroll            |       |       |     8 |     2 ||    10
 Stab: Sleeping          |    10 |     9 |     9 |       ||    28
       Distracted        |       |       |     5 |     6 ||    11
  Eat: Chunk             |       |     4 |    14 |    19 ||    37
       Ration            |       |     1 |       |       ||     1
Armor: Robe              |     9 |     5 |       |       ||    14
       Skin              |       |     5 |       |       ||     5
       Scale mail        |       |     6 |   110 |       ||   116
       Plate armour      |       |       |     5 |   370 ||   375
Dodge: Dodged            |    21 |    69 |   145 |   234 ||   469
